 Dungeon Crawl Stone Soup version 0.29-a0-775-g4d7333d4e2 (webtiles) character file.

Game seed: 190570385758548780

14495 inmateoo the Cleaver (level 12, -1/106 HPs)
             Began as a Hill Orc Fighter on July 1, 2022.
             Was a High Priest of Okawaru.
             Succumbed to something's poison gas
             ... on level 12 of the Dungeon.
             The game lasted 00:10:31 (11100 turns).

inmateoo the Cleaver (Hill Orc Fighter)            Turns: 11100, Time: 00:10:32

Health: -1/106     AC: 20    Str: 22    XL:     12   Next: 17%
Magic:  14/14      EV: 10    Int:  8    God:    Okawaru [*****.]
Gold:   599        SH:  8    Dex: 12    Spells: 11/11 levels left

rFire   . . .      SeeInvis .   G - +4 broad axe (chaos)
rCold   . . .      Faith    .   H - +2 buckler {reflect}
rNeg    . . .      Spirit   .   h - +0 chain mail
rPois   .          Reflect  +   y - +2 helmet
rElec   .          Harm     .   j - +1 cloak
rCorr   .          Rampage  .   f - +0 pair of gloves
Will    ++...                   e - +0 pair of boots
Stlth   ..........              w - amulet of regeneration
HPRegen 1.07/turn               n - ring of willpower
MPRegen 0.14/turn               B - ring of willpower

@: lethally poisoned (-1 -> -8)
A: no striking features
a: Renounce Religion, Heroism, Finesse, Duel


You were on level 12 of the Dungeon.
You worshipped Okawaru.
Okawaru was extremely pleased with you.
You visited 2 branches of the dungeon, and saw 13 of its levels.
You also visited: Bailey.

You collected 943 gold pieces.
You spent 344 gold pieces at shops.

Inventory:

Hand Weapons
 t - a +2 hand axe of electrocution
 G - a +4 broad axe of chaos (weapon)
Missiles
 q - 6 silver javelins
 E - 18 curare-tipped darts (quivered)
Armour
 e - a +0 pair of boots (worn)
 f - a +0 pair of gloves (worn)
 h - a +0 chain mail (worn)
 j - a +1 cloak (worn)
 y - a +2 helmet (worn)
 H - a +2 buckler of reflection (worn)
Jewellery
 a - a +6 ring of dexterity
 n - a ring of willpower (left hand)
 w - an amulet of regeneration (around neck)
 B - a ring of willpower (right hand)
 C - a +4 ring of protection
Wands
 c - a wand of mindburst (9)
 g - a wand of acid (10)
 m - a wand of flame (15)
 r - a wand of polymorph (16)
 v - a wand of digging (2)
 A - a wand of iceblast (16)
Scrolls
 l - 2 scrolls of blinking
 p - 12 scrolls of identify
 s - 3 scrolls of teleportation
 D - a scroll of enchant weapon
 I - a scroll of fear {unknown}
Potions
 d - 2 potions of might
 i - a potion of cancellation
 k - a potion of heal wounds
 o - 2 potions of attraction
 u - 3 potions of brilliance
 x - 3 potions of mutation
 z - 2 potions of invisibility


   Skills:
 + Level 10.1 Fighting
 * Level 14.5 Axes
 + Level 9.2 Armour
 + Level 6.5 Dodging
 + Level 9.3 Shields
 + Level 3.4 Invocations


You had 11 spell levels left.
You didn't know any spells.
Your spell library contained the following spells:

 Spells                   Type           Power      Damage    Failure   Level
 Freeze                   Ice            0%         1d3       98%         1
 Slow                     Hex            0%         N/A       98%         1
 Sting                    Tmut/Pois      0%         1d3       98%         1
 Ensorcelled Hibernation  Hex/Ice        0%         N/A       99%         2
 Passwall                 Tmut/Erth      0%         N/A       99%         2
 Poisonous Vapours        Pois/Air       0%         N/A       99%         2
 Static Discharge         Conj/Air       0%         3-3/arc   99%         2
 Confusing Touch          Hex            0%         N/A       100%        3
 Frozen Ramparts          Ice            0%         1d2       100%        3
 Swiftness                Air            0%         N/A       100%        3
 Vampiric Draining        Necr           0%         2d6       100%        3
 Corpse Rot               Necr/Pois/Air  0%         N/A       100%        4
 Dispel Undead            Necr           0%         3d6       100%        4
 Hailstorm                Conj/Ice       0%         3d3       100%        4
 Olgreb's Toxic Radiance  Pois           0%         N/A       100%        4
 Sticky Flame             Conj/Fire      0%         2d3       100%        4
 Alistair's Intoxication  Tmut/Pois      0%         N/A       100%        5
 Borgnjor's Vile Clutch   Necr/Erth      0%         N/A       100%        5
 Lightning Bolt           Conj/Air       0%         1d11      100%        5
 Eringya's Noxious Bog    Tmut/Pois      0%         N/A       100%        6
 Maxwell's Capacitive Co  Air            0%         ∞         100%        8
 Malign Gateway           Summ/Tloc      Unusable   N/A       N/A         7
 Summon Horrible Things   Summ           Unusable   N/A       N/A         8

Dungeon Overview and Level Annotations

Branches:
Dungeon (12/15)            Temple (1/1) D:4            Lair (0/6) D:9
    Orc (0/2) D:10         Bailey (visited)

Altars:
Ashenzari
Cheibriados
Dithmenos
Elyvilon
Fedhas
Gozag
Hepliaklqana
Kikubaaqudgha
Makhleb
Nemelex Xobeh
Okawaru
Qazlal
Ru
Sif Muna
Trog
Uskayaw
Vehumet
Wu Jian
Xom
Yredelemnul
Zin
The Shining One

Shops:
D:1 :   D:2 *   D:4 (   D:7 *

Annotations:
D:12 exclusion: door, Nessos


Message History

You are lethally poisoned!
* * * LOW HITPOINT WARNING * * *
x2 You feel extremely sick.
Nessos breathes poison at you.
The blast of poison engulfs you but does no damage.
You are more poisoned.
You feel better.
You are engulfed in poison gas.
You are poisoned.
* * * LOW HITPOINT WARNING * * *
You feel very sick. Nessos bites you but does no damage.
Nessos barely misses you. Nessos tramples you.
* * * LOW HITPOINT WARNING * * *
You hold your ground!
Blink to where?
Press: ? - help, Dir - move target, p - Nessos
As you read the scroll of blinking, it crumbles to dust.
You feel very sick.
You close the door.
You feel very sick.
Press: ? - help, v - describe, . - travel A closed door.
Placed new exclusion.
Reduced exclusion size to a single square.
You feel sick.
You feel very sick.
You feel sick.
You feel sick.
You feel sick.
You feel sick.
You feel sick.
You feel sick.
You feel sick.
You are no longer poisoned.
Nessos breathes poison at you.
As you close the door, it creaks loudly!
You are engulfed in poison gas.
You are lethally poisoned!
* * * LOW HITPOINT WARNING * * *
You die...

####.............................
.....)....########...........#+##
..........# #...........#..#
..........# #...........#...
######....# #...........#...
#....########...........#...
#......................##...
#...######☼.).☼........#....
######...#....#.@☼☼○........#....
.........#....'○#+#########.#....
.........#....#.#☼☼☼°.....#.#'###
.........######.#○○.......#......
................#.☼/......#.#####
................#.§.......#.'....
................#.D.......#.#....
................##+########.#....
............................#....


There were no monsters in sight!

Vanquished Creatures
  3 two-headed ogres
  A tengu warrior (D:10)
  Pikel (D:7)
  An orc knight (D:10)
  A gargoyle (D:12)
  2 unseen horrors
  2 trolls (D:11)
  Prince Ribbit (D:9)
  Sigmund (D:2)
  A shadow (D:10)
  3 wraiths
  19 yaks
  A wyvern (D:7)
  A steam dragon (D:6)
  A basilisk (D:12)
  5 vampire mosquitoes
  Menkaure (D:4)
  3 wargs (D:9)
  Edmund (D:6)
  An acid dragon (D:11)
  3 water moccasins
  8 orc warriors
  2 sky beasts
  2 black bears
  An ogre (D:7)
  3 centaurs
  A lemure (D:7)
  A phantom (D:4)
  9 kobold brigands
  4 bullfrogs
  A necrophage (D:6)
  2 scorpions
  3 wights (D:9)
  4 killer bees (D:11)
  6 howler monkeys
  3 jellies
  6 orc priests
  6 hounds
  Crazy Yiuf (D:2)
  A bouda (D:8)
  4 iguanas
  Terence (D:2)
  13 orc wizards
  6 adders
  10 gnolls
  5 ufetubi
  A worm (D:2)
  2 dart slugs
  31 orcs
  4 bats
  3 endoplasms
  4 giant cockroaches
  4 goblins
  10 hobgoblins
  3 quokkas
  4 ball pythons
  3 frilled lizards
  22 kobolds
  5 rats
252 creatures vanquished.

Vanquished Creatures (others)
  An orc warrior (D:9)
  2 orcs (D:9)
3 creatures vanquished.

Grand Total: 255 creatures vanquished

Notes
Turn   | Place    | Note
-------+----------+-------------------------------------------
     0 | D:1      | inmateoo the Hill Orc Fighter began the quest for the Orb.
     0 | D:1      | Reached XP level 1. HP: 19/19 MP: 1/1
    18 | D:1      | Found a faded altar of an unknown god.
   223 | D:1      | Reached skill level 3 in Axes
   248 | D:1      | Reached XP level 2. HP: 27/27 MP: 2/2
   439 | D:1      | Found Cytosch's Book Emporium.
   899 | D:2      | Noticed Terence
   909 | D:2      | Killed Terence
   910 | D:2      | Reached XP level 3. HP: 11/33 MP: 3/3
  1118 | D:2      | Found Soill's General Store.
  1171 | D:2      | Found a hazy altar of Hepliaklqana.
  1294 | D:2      | Noticed Sigmund
  1314 | D:2      | Killed Sigmund
  1315 | D:2      | Reached skill level 5 in Axes
  1315 | D:2      | Reached skill level 1 in Dodging
  1315 | D:2      | Reached XP level 4. HP: 28/41 MP: 4/4
  1315 | D:2      | Reached XP level 5. HP: 32/47 MP: 5/5
  1315 | D:2      | Reached XP level 6. HP: 36/53 MP: 6/6
  1679 | D:2      | Found a runed translucent door.
  1680 | D:2      | Noticed Crazy Yiuf
  2116 | D:2      | Killed Crazy Yiuf
  3108 | D:3      | Found a shimmering blue altar of Sif Muna.
  3230 | D:4      | Found a shimmering altar of Xom.
  3256 | D:4      | Reached skill level 5 in Fighting
  3296 | D:4      | Found a staircase to the Ecumenical Temple.
  3320 | D:4      | Noticed Menkaure
  3325 | D:4      | Killed Menkaure
  3326 | D:4      | Reached skill level 6 in Axes
  3326 | D:4      | Reached XP level 7. HP: 55/61 MP: 7/7
  3435 | Temple   | Entered the Ecumenical Temple
  3962 | D:4      | Found Olugh's Antique Weapon Emporium.
  4169 | D:5      | Entered Level 5 of the Dungeon
  4239 | D:5      | Found a stormy altar of Qazlal.
  4269 | D:5      | Reached skill level 5 in Shields
  4312 | D:5      | Found a snail-covered altar of Cheibriados.
  4326 | D:5      | Found a glowing silver altar of Zin.
  4406 | D:5      | Reached skill level 7 in Axes
  4406 | D:5      | Reached skill level 5 in Armour
  4406 | D:5      | Reached XP level 8. HP: 64/70 MP: 8/8
  4533 | D:5      | Identified the +2 ring mail of the Farrier {rElec}
  4619 | D:5      | Found a glowing golden altar of the Shining One.
  5045 | D:6      | Noticed Edmund
  5049 | D:6      | Reached skill level 8 in Axes
  5078 | D:6      | Killed Edmund
  5501 | D:6      | Reached XP level 9. HP: 78/78 MP: 9/9
  5635 | D:7      | Reached skill level 9 in Axes
  5688 | D:7      | Noticed Pikel
  5704 | D:7      | Killed Pikel
  6118 | D:7      | Reached skill level 10 in Axes
  6249 | D:7      | Found Zoruicang's Island Escapes.
  6663 | D:7      | Bought a scroll of blinking for 112 gold pieces
  6663 | D:7      | Bought a scroll of blinking for 112 gold pieces
  6663 | D:7      | Bought a potion of invisibility for 120 gold pieces
  7266 | D:8      | Reached XP level 10. HP: 61/88 MP: 10/10
  7633 | D:9      | Noticed Psyche
  7635 | D:9      | Noticed Psyche
  7635 | D:9      | Psyche changed into Psyche the water moccasin
  7638 | D:9      | Noticed Prince Ribbit
  7640 | D:9      | Reached skill level 11 in Axes
  7644 | D:9      | Killed Prince Ribbit
  7646 | D:9      | Killed Psyche the water moccasin
  7797 | D:9      | Found a staircase to the Lair.
  7845 | D:9      | Found a broken altar of Ashenzari.
  8071 | D:9      | Found an iron altar of Okawaru.
  8144 | D:9      | Became a worshipper of Warmaster Okawaru
  8368 | D:10     | Entered Level 10 of the Dungeon
  8431 | D:10     | Noticed a tengu warrior
  8432 | D:10     | Noticed an orc knight
  8450 | D:10     | Reached skill level 5 in Dodging
  8508 | D:10     | Noticed a two-headed ogre
  8535 | D:10     | Killed an unseen horror
  8540 | D:10     | Killed a two-headed ogre
  8541 | D:10     | Reached skill level 12 in Axes
  8550 | D:10     | Reached * piety under Okawaru
  8609 | D:10     | Reached XP level 11. HP: 52/95 MP: 11/11
  8627 | D:10     | Reached ** piety under Okawaru
  8652 | D:10     | Reached skill level 13 in Axes
  8735 | D:10     | Found a flagged portal.
  8750 | Bailey   | Entered a bailey
  8895 | Bailey   | Reached *** piety under Okawaru
  9064 | Bailey   | Found a bloodstained altar of Trog.
  9330 | D:10     | Killed a tengu warrior
  9511 | D:10     | Killed an orc knight
  9770 | D:10     | Found a staircase to the Orcish Mines.
  9860 | D:11     | Noticed a two-headed ogre
  9868 | D:11     | Killed a two-headed ogre
  9868 | D:11     | Reached **** piety under Okawaru
  9869 | D:11     | Reached skill level 1 in Invocations
 10104 | D:11     | Reached skill level 14 in Axes
 10476 | D:12     | Noticed a two-headed ogre
 10488 | D:12     | Killed a two-headed ogre
 10488 | D:12     | Reached ***** piety under Okawaru
 10489 | D:12     | Reached skill level 10 in Fighting
 10489 | D:12     | Reached XP level 12. HP: 106/106 MP: 12/14
 10640 | D:12     | Noticed Nessos
 10648 | D:12     | HP: 4/106 [Nessos/arrow (3)]
 10653 | D:12     | HP: 4/106 [poisoned by Nessos]
 11081 | D:12     | Noticed Nessos
 11081 | D:12     | Nessos changed into Nessos the swamp dragon
 11092 | D:12     | HP: 5/106 [poisoned by Nessos (poison gas)]
 11097 | D:12     | HP: 4/106 [poisoned by Nessos (poison gas)]
 11100 | D:12     | Succumbed to something's poison gas

Illustrated notes

Levels and vault maps discovered:
D:1:      minmay_arrival_loop, layout_loops_corners,
          hellmonk_ecumenical_altar_arch_garden, serial_shops,
          nicolae_lakefront_shop
D:2:      layout_basic, basic_altar, serial_shops, shop, uniq_terence,
          uniq_crazy_yiuf_cottage, uniq_sigmund
D:3:      layout_rooms, led_sif_pool
D:4:      layout_basic, mainiacjoe_overflow_cross_hatched, temple_pool_b,
          serial_shops, shop, uniq_menkaure
D:5:      layout_rooms, nicolae_overflow_quartered_altars
D:6:      layout_rooms, minivault_24, uniq_edmund
D:7:      layout_cave_pods, serial_rivers, chequers_serial_rivers_small_a,
          chequers_serial_rivers_marsh, chequers_serial_rivers_small_b,
          chequers_serial_rivers_room_a, nicolae_island_escapes, uniq_pikel
D:8:      layout_basic
D:9:      layout_long_grid, okawaru_gym_becter, kennysheep_little_box,
          erik_lair_orcish_takeover, uniq_prince_ribbit1, uniq_psyche
D:10:     layout_loops_cross, orc_0_dummy, enter_bailey_4,
          minmay_mirror_moons_of_madness
D:11:     layout_roguey
D:12:     layout_irregular_city, uniq_nessos
Temple:   nicolae_temple_great_sept

Skill      XL: |  1  2  3  4  5  6  7  8  9 10 11 12 |
---------------+-------------------------------------+-----
Axes           | 3 5 6 7 8 10 12 14 | 14.5
Fighting       | 4 5 6 7 8 10 | 10.1
Armour         | 4 5 6 8 9 |  9.2
Dodging        | 1 2 3 4 5 6 |  6.5
Shields        | 4 5 7 8 9 |  9.3
Invocations    | 2 3 |  3.4

Action                   |  1- 3 |  4- 6 |  7- 9 | 10-12 || total
-------------------------+-------+-------+-------+-------++-------
Melee: War axe           |    98 |    78 |    68 |       ||   244
       Hand axe          |       |       |   267 |   243 ||   510
       Broad axe         |       |       |       |   142 ||   142
Evoke: Wand              |       |       |       |     6 ||     6
  Use: Scroll            |       |       |     8 |     8 ||    16
       Potion            |       |       |     3 |     8 ||    11
 Stab: Invisible         |       |       |       |     7 ||     7
Armor: Scale mail        |    27 |       |       |       ||    27
       Chain mail        |    34 |    46 |   219 |   207 ||   506
Dodge: Dodged            |    35 |    26 |   114 |   140 ||   315
Block: Buckler           |    21 |    16 |    71 |   111 ||   219
       Reflection        |       |       |       |     4 ||     4

Table legend: (Time is in decaauts)
 A = Elapsed time spent in this place.
 B = Non-inter-level travel time spent in this place.
 C = Inter-level travel time spent in this place.
 D = Time resting spent in this place.
 E = Time spent auto-exploring this place.
 F = Levels seen in this place.
 G = Mean time per level.
                   A        B        C        D        E       F      G
               +--------+--------+--------+--------+--------+-----+--------+
         Total |  11114 |  10708 |    406 |   2377 |   6286 |  14 |  793.9 |
       Dungeon |  10546 |  10152 |    394 |   2090 |   6179 |  12 |  878.8 |
        Temple |    211 |    199 |     12 |    125 |     63 |   1 |  211.0 |
        Bailey |    356 |    356 |      0 |    162 |     43 |   1 |  356.0 |
               +--------+--------+--------+--------+--------+-----+--------+

Top non-repeatable levels by time:
     D:2: 1469 daAuts
     D:7: 1047 daAuts
     D:8: 1004 daAuts
    D:10: 913 daAuts
     D:1: 904 daAuts
     D:3: 900 daAuts
     D:6: 880 daAuts
     D:9: 833 daAuts
     D:4: 758 daAuts
    D:11: 667 daAuts
    D:12: 612 daAuts
     D:5: 554 daAuts
  Bailey: 356 daAuts
  Temple: 211 daAuts
